 Dungeon Crawl Stone Soup version 0.30-a0-359-gd0147acb1a (webtiles) character file.

Game seed: 8860493642642041633

453 gruber the Conjurer (level 6, -1/40 (45) HPs)
             Began as a Draconian Conjurer on Nov 11, 2022.
             Was an Initiate of Vehumet.
             Slain by a wight
             ... wielding a +0 long sword
              (12 damage)
             ... on level 4 of the Dungeon.
             The game lasted 00:04:12 (4480 turns).

gruber the Conjurer (Draconian Conjurer)            Turns: 4480, Time: 00:04:12

HP:   -1/40 (45)    AC:  7    Str: 10    XL:     6   Next: 75%
MP:   0/11          EV: 12    Int: 20    God:    Vehumet [......]
Gold: 213           SH:  0    Dex:  9    Spells: 9/12 levels left

rFire   . . .      SeeInvis .    j - +1 spear (venom)
rCold   . . .      Faith    .    (no shield)
rNeg    . . .      Spirit   .    (body armour unavailable)
rPois   .          Reflect  .    (helmet restricted)
rElec   .          Harm     .    f - +0 cloak
rCorr   .          Rampage  .    (no gloves)
Will    .....                    (no boots)
Stlth   ++........               (no amulet)
HPRegen 0.26/turn                (no ring)
MPRegen 0.12/turn                (no ring)

@: heavily drained
A: AC +6, unfitting armour, cold-blooded
a: Renounce Religion


You were on level 4 of the Dungeon.
You worshipped Vehumet.
Vehumet was noncommittal.
You visited 2 branches of the dungeon, and saw 5 of its levels.

You collected 213 gold pieces.

Inventory:

Hand Weapons
 j - a +1 spear of venom (weapon)
Armour
 f - a +0 cloak (worn)
Wands
 r - a wand of roots (6)
 t - a wand of quicksilver (14)
Scrolls
 c - 2 scrolls of amnesia {unknown}
 d - a scroll of identify {unknown}
 e - a scroll of enchant weapon {unknown}
 g - a scroll of immolation {unknown}
 h - a scroll of noise {unknown}
 i - a scroll of enchant armour {unknown}
 l - a scroll of brand weapon {unknown}
 m - a scroll of teleportation {unknown}
 o - a scroll of silence {unknown}
 s - a scroll of butterflies {unknown}
Potions
 a - a potion of magic
 b - 2 potions of berserk rage {unknown}
 k - 2 potions of curing {unknown}
 n - a potion of mutation {unknown}
 p - 2 potions of attraction {unknown}
 q - 2 potions of heal wounds {unknown}


   Skills:
 - Level 2.0 Polearms
 - Level 1.7 Dodging
 - Level 1.7 Stealth
 + Level 3.5 Spellcasting
 + Level 7.1 Conjurations


You had 9 spell levels left.
You knew the following spells:

 Your Spells              Type           Power      Damage    Failure   Level
a - Magic Dart            Conj           100%       1d8       1%          1
b - Searing Ray           Conj           64%        2d6       1%          2

Your spell library contained the following spells:

 Spells                   Type           Power      Damage    Failure   Level
 Shock                    Conj/Air       68%        1d7       3%          1
 Static Discharge         Conj/Air       34%        2-4/arc   4%          2
 Dazzling Flash           Conj/Hex       34%        N/A       10%         3
 Sting                    Tmut/Pois      12%        1d3       14%         1
 Cigotuvi's Dreadful Rot  Necr/Pois/Air  6%         N/A       21%         2
 Fulminant Prism          Conj/Hex       8%         3d7       30%         4
 Iskenderun's Mystic Bla  Conj/Tloc      17%        2d5       30%         4
 Kindle Blastsparks       Fire/Tloc/Air  6%         2d10      38%         3


Dungeon Overview and Level Annotations

Branches:
Dungeon (4/15)             Temple (1/1) D:4

Altars:
Ashenzari
Cheibriados
Kikubaaqudgha
Makhleb
Okawaru
Sif Muna
Trog
Uskayaw
Vehumet
Wu Jian
Yredelemnul
Zin

Shops:
D:4 :


Innate Abilities, Weirdness & Mutations

Your plain brown scales are hard. (AC +6)
You cannot fit into any form of body armour.
You are cold-blooded and may be slowed by cold attacks.


Message History

The searing ray hits the wight.
The wight is lightly damaged. (Press . to maintain the ray.)
The wight hits you with a +0 long sword.
The searing ray hits the wight.
The wight is moderately damaged.
The wight hits you with a +0 long sword.
You feel drained.
The searing ray misses the wight.
The wight hits you with a +0 long sword.
You feel drained.
The searing ray misses the wight.
You finish channelling your searing ray.
The wight closely misses you.
You barely miss the wight.
You tail-slap the wight, but do no damage.
The wight is moderately damaged.
The wight completely misses you.
You hit the wight.
The wight is moderately damaged.
The wight hits you with a +0 long sword!
You feel drained.
You are too injured to fight recklessly!
You are too injured to fight recklessly!
You are too injured to fight recklessly!
Casting: Searing Ray (safe; 1% risk of failure)
Confirm with . or Enter, or press ? or * to list all spells.
Aiming: Searing Ray (safe; 1% risk of failure)
Press: ? - help, Shift-Dir - straight line, f/p - wight
Aim: a wight, wielding a +0 long sword and wearing a +0 robe (moderately damaged, 81% to hit)
The searing ray hits the wight!
The wight is severely damaged. (Press . to maintain the ray.)
The wight hits you with a +0 long sword!
* * * LOW HITPOINT WARNING * * *
You feel drained.
* * * LOW HITPOINT WARNING * * *
Without enough magic to sustain it, your searing ray dissipates.
The wight hits you with a +0 long sword!
You die...

##........ ..########
#.#...... ...z.....##
#........ ...z....).#
#.#...>.. .########<##
##........ #≈≈ ≈≈# #[.#
##..#...... #≈#####≈#
##..###.......... #≈#≈≈≈#≈#
###z..#...#.#.#.#.#
#≈#≈_≈#≈###.@####..##........
#≈#≈.≈#≈....## #..####...###
## #≈##.##≈...## #.....####
.####≈≈≈.≈≈≈#..## #...###
...†............## ##...#
#....≈≈≈.≈≈≈####.####....##
#..[#≈##.##≈# ##>##[.###.##
#..##≈#≈.≈#≈# #....## ##.##
#..##≈#≈_≈#≈## #....# ##.##


You could see a wight.

Vanquished Creatures
  A black bear (D:4)
  3 wights (D:4)
  An iguana (D:4)
  Robin (D:2)
  4 adders
  A gnoll (D:1)
  5 dart slugs
  3 orcs
  6 ball pythons
  4 bats
  8 endoplasms
  4 giant cockroaches
  16 goblins
  12 hobgoblins
  9 jackals
  6 quokkas
  9 frilled lizards
  6 kobolds
  9 rats
108 creatures vanquished.

Vanquished Creatures (others)
  5 plants (D:4)
5 creatures vanquished.

Grand Total: 113 creatures vanquished

Notes
Turn   | Place    | Note
-------+----------+-------------------------------------------
     0 | D:1      | gruber the Draconian Conjurer began the quest for the Orb.
     0 | D:1      | Reached XP level 1. HP: 14/14 MP: 3/3
   344 | D:1      | Reached XP level 2. HP: 20/20 MP: 1/5
   697 | D:1      | Reached XP level 3. HP: 26/26 MP: 0/6
   714 | D:1      | Reached skill level 5 in Conjurations
   932 | D:1      | Got the Compendium of the Turbulent Stinger
  1024 | D:1      | Learned a level 2 spell: Searing Ray
  1340 | D:2      | Reached XP level 4. HP: 33/33 MP: 4/7
  2005 | D:2      | Reached skill level 1 in Polearms
  2086 | D:2      | Noticed Robin
  2336 | D:2      | Killed Robin
  2871 | D:3      | Reached XP level 5. HP: 33/38 MP: 8/8
  2937 | D:3      | Found a faded altar of an unknown god.
  3415 | D:4      | Reached skill level 6 in Conjurations
  3564 | D:4      | Found Fadooviu's Book Shoppe.
  3587 | D:4      | Noticed a black bear
  3602 | D:4      | Killed a black bear
  3603 | D:4      | Reached XP level 6. HP: 36/45 MP: 4/10
  3815 | D:4      | Found a staircase to the Ecumenical Temple.
  3829 | Temple   | Entered the Ecumenical Temple
  3837 | Temple   | Became a worshipper of Vehumet
  4220 | D:4      | Found an ornate altar of the Wu Jian Council.
  4230 | D:4      | Found an iron altar of Okawaru.
  4230 | D:4      | Found a glowing silver altar of Zin.
  4472 | D:4      | Reached skill level 7 in Conjurations
  4480 | D:4      | Slain by a wight

Illustrated notes

Levels and vault maps discovered:
D:1:      elethiomel_arrival_shortcut, layout_basic, hangedman_feature_mirror
D:2:      layout_basic, minmay_door_square, minmay_unequal, uniq_robin
D:3:      layout_loops_ring, chequers_ecumenical_altar_lobes
D:4:      layout_layer_cave, nicolae_overflow_two_pavilions,
          pdpol_wu_jian_five_deadly_venoms, minmay_temple_entry_glass,
          serial_shops, kennysheep_mini, minmay_lizard_king
Temple:   cyrus_circular_temple

Skill      XL: |  1  2  3  4  5  6 |
---------------+-------------------+-----
Conjurations   | 5 6 7 |  7.1
Polearms       | 2 |  2.0
Spellcasting   | 3 |  3.5
Dodging        | |  1.7
Stealth        | |  1.7

Action                   |  1- 3 |  4- 6 || total
-------------------------+-------+-------++-------
Melee: Unarmed           |    26 |       ||    26
       Tailslap          |     3 |    13 ||    16
       Trident           |     2 |    19 ||    21
       Spear             |       |   173 ||   173
       Punch             |       |     5 ||     5
 Cast: Magic Dart        |    63 |    14 ||    77
       Searing Ray       |       |     9 ||     9
 Stab: Sleeping          |       |     2 ||     2
       Distracted        |       |     1 ||     1
Armor: Skin              |    14 |    65 ||    79
Dodge: Dodged            |    25 |   122 ||   147

Table legend: (Time is in decaauts)
 A = Elapsed time spent in this place.
 B = Non-inter-level travel time spent in this place.
 C = Inter-level travel time spent in this place.
 D = Time resting spent in this place.
 E = Time spent auto-exploring this place.
 F = Levels seen in this place.
 G = Mean time per level.
                   A        B        C        D        E       F      G
               +--------+--------+--------+--------+--------+-----+--------+
         Total |   4493 |   4264 |    229 |    341 |   3252 |   5 |  898.6 |
       Dungeon |   4476 |   4255 |    221 |    341 |   3252 |   4 | 1119.0 |
        Temple |     16 |      8 |      8 |      0 |      0 |   1 |   16.0 |
               +--------+--------+--------+--------+--------+-----+--------+

Top non-repeatable levels by time:
     D:2: 1430 daAuts
     D:1: 1265 daAuts
     D:4: 1057 daAuts
     D:3: 724 daAuts
  Temple: 16 daAuts
